 Dungeon Crawl Stone Soup version 0.26-a0-660-gc07710193c (webtiles) character file.

Game seed: 15988429011216707328

303692 dolemite99 the Warrior (level 20, -3/164 HPs)
             Began as a Demonspawn Fighter on Oct 6, 2020.
             Was an Elder of Makhleb.
             Slain by a deep troll (9 damage)
             ... on level 1 of the Depths on Oct 7, 2020.
             The game lasted 02:50:11 (73870 turns).

dolemite99 the Warrior (Demonspawn Fighter)        Turns: 73870, Time: 02:50:12

Health: -3/164     AC: 25    Str: 21    XL:     20   Next: 24%
Magic:  28/28      EV: 14    Int: 12    God:    Makhleb [****..]
Gold:   396        SH: 13    Dex: 22    Spells: 6/26 levels left

rFire    + + .     SeeInvis +   b - +3 hand crossbow (flame)
rCold    x . .     Faith    +   c - +0 kite shield
rNeg     . . .     Spirit   .   q - +2 chain mail {rF+}
rPois    .         Reflect  .   (helmet unavailable)
rElec    .         Harm     .   O - scarf {+Inv}
rCorr    .         Rampage  .   Z - +0 pair of gloves of the Game of Life {*Contam Dex+7 Stlth+} (curse)
MR       +....                  m - +2 pair of boots
Stlth    +.........             C - amulet of faith
HPRegen  0.37/turn              t - +4 ring of protection {=R}
MPRegen  0.21/turn              B - ring of fire

@: about to teleport, repel missiles
A: antennae 3, repulsion field 3, powered by death 2, powered by pain 2
}: 2/15 runes: decaying, gossamer
a: Minor Destruction, Lesser Servant of Makhleb, Major Destruction, Renounce
Religion, Evoke Invisibility


You were on level 1 of the Depths.
You worshipped Makhleb.
Makhleb was greatly pleased with you.
You visited 10 branches of the dungeon, and saw 40 of its levels.
You visited the Abyss 1 time.

You collected 3947 gold pieces.
You spent 3551 gold pieces at shops.

Inventory:

Hand Weapons
 a - a +5 scimitar of freezing
 b - a +3 hand crossbow of flaming (weapon)
 w - a +1 quick blade
 Y - a +2 rapier of venom
Missiles
 k - 69 poisoned darts
 K - 825 bolts (quivered)
Armour
 c - a +0 kite shield (worn)
 m - a +2 pair of boots (worn)
 q - a +2 chain mail of fire resistance (worn)
 y - a +4 plate armour of magic resistance
 F - the +2 cloak of the Mackerel {rCorr}
   (You found it on level 9 of the Dungeon)

   It provides partial protection from all sources of acid and corrosion.
 O - a scarf of invisibility (worn)
 W - +0 swamp dragon scales
 Z - the cursed +0 pair of gloves of the Game of Life (worn) {*Contam Dex+7 Stlth+}
   (You bought it in a shop on level 11 of the Dungeon)

   It affects your dexterity (+7).
   It causes magical contamination when unequipped.
   It makes you more stealthy.
   It has a curse placed upon it.
Jewellery
 j - the ring "Uliu" {rPois rC+ Stlth+}
   (You found it on level 3 of the Swamp)

   [ring of poison resistance]

   It protects you from cold.
   It protects you from poison.
   It makes you more stealthy.
 t - a +4 ring of protection (left hand) {=R}
 v - a +6 ring of strength
 x - a +6 ring of intelligence
 z - an uncursed ring of protection from magic
 B - a ring of fire (right hand)
 C - an amulet of faith (around neck)
 H - an uncursed ring of wizardry
 P - an uncursed ring of positive energy
 R - an uncursed ring of stealth
 U - the ring "Imoleg" {Ice +Fly rN+ Int+3 Dex+3}
   (You found it on level 3 of the Lair of Beasts)

   [ring of ice]

   It enhances your ice magic.
   It affects your intelligence (+3).
   It affects your dexterity (+3).
   It makes you vulnerable to fire.
   It protects you from cold.
   It protects you from negative energy.
   It lets you fly.
 V - an uncursed ring of protection from magic
 X - an uncursed amulet of regeneration
Wands
 E - a wand of random effects (51)
 G - a wand of flame (71)
 T - a wand of polymorph (11)
Scrolls
 e - a scroll of summoning
 f - 2 scrolls of vulnerability
 i - 3 scrolls of amnesia
 n - 23 scrolls of remove curse {@r2}
 u - 3 scrolls of magic mapping
 I - 3 scrolls of enchant armour
 L - 13 scrolls of identify {@r1}
 N - 3 scrolls of silence
 Q - 7 scrolls of fog
Potions
 g - a potion of might
 l - 3 potions of brilliance
 o - a potion of magic
 r - a potion of cancellation
 s - 7 potions of lignification
 A - 5 potions of stabbing
 D - 12 potions of flight
 J - 3 potions of ambrosia
Miscellaneous
 d - a tin of tremorstones (inert)
 h - a box of beasts (inert)
 M - a lightning rod (1/4)
 S - a condenser vane (inert)


   Skills:
 - Level 16.1 Fighting
 - Level 12.2(14.6) Short Blades
 - Level 13.4(15.1) Long Blades
   Level 4.0 Bows
 - Level 9.5 Crossbows
 - Level 6.0 Throwing
 - Level 15.5 Armour
 - Level 3.5 Dodging
 - Level 5.0 Stealth
 - Level 10.3 Shields
 - Level 3.9 Spellcasting
 - Level 5.0 Translocations
 + Level 0.3 Poison Magic
 - Level 10.6 Invocations
 - Level 12.0 Evocations


You had 6 spell levels left.
You knew the following spells:

 Your Spells              Type           Power        Failure   Level
a - Olgreb's Toxic Radia  Pois           #.......     100%        4
b - Mephitic Cloud        Conj/Pois/Air  #.......     99%         3
c - Passwall              Tmut/Erth      #.......     97%         2
d - Inner Flame           Hex/Fire       #.......     99%         3
e - Poisonous Vapours     Pois/Air       #.....       95%         2
f - Apportation           Tloc           ##....       26%         1
g - Swiftness             Air            #.......     97%         2
h - Conjure Flame         Conj/Fire      #.......     99%         3

Your spell library contained the following spells:

 Spells                   Type           Power        Failure   Level
 Gell's Gravitas          Tloc           ##........   61%         3
 Lesser Beckoning         Tloc           ##........   61%         3
 Sting                    Tmut/Pois      #...         88%         1
 Foxfire                  Conj/Fire      #...         90%         1
 Freeze                   Ice            #...         90%         1
 Magic Dart               Conj           #...         90%         1
 Sandblast                Erth           #.....       90%         1
 Shock                    Conj/Air       #...         90%         1
 Summon Small Mammal      Summ           #...         90%         1
 Call Imp                 Summ           #.......     97%         2
 Corpse Rot               Necr/Air       N/A          97%         2
 Call Canine Familiar     Summ           #.......     99%         3
 Confusing Touch          Hex            #.......     99%         3
 Frozen Ramparts          Ice            #.....       99%         3
 Ignite Poison            Fire/Tmut/Pois #.......     99%         3
 Ozocubu's Armour         Ice            #.......     99%         3
 Static Discharge         Conj/Air       #.......     99%         3
 Stone Arrow              Conj/Erth      #.....       99%         3
 Summon Guardian Golem    Hex/Summ       #.......     99%         3
 Tukima's Dance           Hex            #.......     99%         3
 Airstrike                Air            #.........   100%        4
 Animate Dead             Necr           #.........   100%        4
 Hailstorm                Conj/Ice       #.......     100%        4
 Petrify                  Tmut/Erth      #.......     100%        4
 Sticky Flame             Conj/Fire      #.......     100%        4
 Summon Ice Beast         Ice/Summ       #.......     100%        4
 Summon Lightning Spire   Summ/Air       #.......     100%        4
 Agony                    Necr           #.......     100%        5
 Alistair's Intoxication  Tmut/Pois      #........    100%        5
 Bolt of Magma            Conj/Fire/Erth #.........   100%        5
 Fireball                 Conj/Fire      #.........   100%        5
 Irradiate                Conj/Tmut      #.........   100%        5
 Iskenderun's Battlesphe  Conj           #.......     100%        5
 Lee's Rapid Deconstruct  Erth           #.........   100%        5
 Lightning Bolt           Conj/Air       #.........   100%        5
 Metabolic Englaciation   Hex/Ice        #.........   100%        5
 Yara's Violent Unravell  Hex/Tmut       #.........   100%        5
 Conjure Ball Lightning   Conj/Air       #.........   100%        6
 Freezing Cloud           Conj/Ice/Air   #.........   100%        6
 Invisibility             Hex            #.......     100%        6
 Iron Shot                Conj/Erth      #.........   100%        6
 Orb of Destruction       Conj           #.........   100%        7
 Spellforged Servitor     Conj/Summ      #.........   100%        7


Dungeon Overview and Level Annotations

Branches:
Dungeon (15/15)            Temple (1/1) D:4            Lair (6/6) D:10
  Swamp (4/4) Lair:2       Spider (4/4) Lair:4        Slime (1/5) Lair:5
    Orc (2/2) D:9             Elf (2/3) Orc:2        Vaults (4/5) D:14
  Crypt (0/3) Vaults:2     Depths (1/5) D:15

Altars:
Ashenzari
Cheibriados
Elyvilon
Fedhas
Gozag
Hepliaklqana
Kikubaaqudgha
Makhleb
Nemelex Xobeh
Okawaru
Qazlal
Ru
Sif Muna
Trog
Uskayaw
Wu Jian
Xom
Yredelemnul
Zin
Beogh

Shops:
D:5 ?   D:6 ?   D:8 }[   D:11 [   D:13 [}[(}   Orc:1 *   Orc:2 :*(=[   Elf:2 :
Vaults:2 (

Annotations:
D:7 exclusion: downstairs
D:11 2 runed translucent doors, exclusion: orange crystal statue
D:13 1 runed translucent door, Dirphi Vium's ghost, journeyman MiBe
Swamp:2 1 runed translucent door, Keoguots's ghost, adept GnSk
Spider:1 3 runed translucent doors, Aviun's ghost, adept SpEn
Elf:2 3 runed translucent doors
Vaults:2 36 runed doors


Innate Abilities, Weirdness & Mutations

You have a pair of large antennae on your head. (SInv)
You are surrounded by a strong repulsion field. (EV +4, RMsl)
You regenerate health from kills.
You sometimes gain power by taking damage.


Message History

Your ufetubus hits the deep troll but does no damage.
Your ufetubus closely misses the deep troll.
Something misses your ufetubus. Something closely misses your ufetubus.
The deep troll bites you but does no damage.
The deep troll misses you. You block the deep troll's attack.
Okay, then.
The deep troll closely misses you. x3
Your ufetubus disappears in a puff of smoke!
The deep troll bites you!
* * * LOW HITPOINT WARNING * * *
The deep troll claws you.
* * * LOW HITPOINT WARNING * * *
You block the deep troll's attack.
You see here +0 fire dragon scales.
As you read the scroll of teleportation, it crumbles to dust.
You feel strangely unstable. You block the deep troll's attack.
The deep troll closely misses you. You block the deep troll's attack.
You block the deep troll's attack. The deep troll closely misses you.
The deep troll claws you!
You die...

# # #########
# #####
#..4.T@.#
###...#
###.#####.#
'.....# #...#
###
###.#.###5#.#
# #.#.......#
#
#.#####'######
# #.#
#.5{..5..# #
#.# #..{{....#
# #.#
#....3...#


You could see a deep troll (fast) and a friendly hellwing (summoned).

Vanquished Creatures
  Arachne (Spider:4)
  A bone dragon (Vaults:2)
  A tentacled monstrosity (Abyss:2)
  Asterion (Vaults:3)
  A titan (Depths:1)
  Gastronok (D:8)
  A tentacled starspawn (Abyss:2)
  A thorn hunter (Swamp:4)
  A fire giant (Vaults:4)
  5 ghost moths
  3 deep elf sorcerers (Vaults:4)
  8 vault wardens
  A frost giant (Vaults:4)
  An orc warlord (Orc:2)
  4 emperor scorpions (Spider:4)
  2 very ugly things (Depths:1)
  10 stone giants
  8 ironheart preservers
  2 entropy weavers
  A deep elf annihilator (Vaults:4)
  2 deep elf demonologists
  2 spark wasps
  Snorg (D:11)
  An ettin (Spider:4)
  2 deep elf death magi
  4 yaktaur captains
  5 fire dragons
  2 ice dragons (Vaults:4)
  19 hydras
  8 vault guards
  Harold (D:8)
  2 ghost crabs
  4 boulder beetles
  3 ogre magi
  6 centaur warriors
  6 alligators
  21 two-headed ogres
  A deep troll shaman (Vaults:2)
  A deep troll earth mage (Vaults:2)
  8 dancing weapons
  14 deep elf knights
  Nergalle (D:11)
  A sun demon (Abyss:2)
  A fire crab (Vaults:1)
  Sonja (Lair:4)
  2 fire crabs (shapeshifter)
  8 skeletal warriors
  2 shadow wraiths (Vaults:4)
  3 unseen horrors
  A glowing orange brain (Vaults:1)
  A spriggan druid (Swamp:4)
  3 deep trolls (Vaults:2)
  5 wizards
  6 deep elf archers
  4 large abominations
  9 orc knights
  7 swamp dragons
  Pikel (D:4)
  4 harpies
  12 ironbrand convokers
  3 necromancers
  33 deep elf magi
  8 orb spiders
  7 orc sorcerers
  31 wolf spiders
  3 manticores
  7 ugly things
  A worldbinder (Abyss:2)
  2 centaur zombies
  Joseph (Lair:1)
  3 elephants (Lair:6)
  A moth of wrath (Spider:4)
  A cyclops (Vaults:1)
  4 black mambas
  A naga mage (D:15)
  5 vault sentinels
  Maurice (Orc:2)
  An apocalypse crab (Abyss:2)
  14 cane toads
  2 rime drakes (Lair:1)
  An orange demon (Abyss:2)
  5 torpor snails
  Maggie (D:6)
  26 yaktaurs
  A tormentor (Abyss:2)
  4 freezing wraiths
  An efreet (D:13)
  6 komodo dragons
  16 demonic crawlers
  2 kobold demonologists
  An ancient zyme (Abyss:2)
  7 polar bears (Lair:6)
  25 jumping spiders
  14 hornets
  5 trolls
  4 tyrant leeches
  2 blink frogs
  2 wolf spider simulacra (D:15)
  A raiju (Lair:6)
  2 bog bodies (Swamp:2)
  16 slime creatures
  6 dream sheep
  72 redbacks
  A flying skull (Abyss:2)
  3 shadows
  An air elemental (Elf:1)
  Sigmund (D:4)
  A wyvern (D:14)
  3 spriggans
  Eustachio (D:4)
  A ynoxinul (Abyss:2)
  17 tarantellas
  2 water elementals
  26 yaks
  5 wraiths
  A human (shapeshifter) (Vaults:2)
  2 fire elementals (Elf:2)
  A human simulacrum (Vaults:4)
  2 basilisks
  A chaos spawn (Abyss:2)
  7 vampire mosquitoes
  Menkaure (D:7)
  5 insubstantial wisps
  Edmund (D:5)
  10 swamp worms
  An acid dragon (D:13)
  8 wargs
  Duvessa (D:6)
  3 soldier ants (Spider:1)
  19 water moccasins
  8 hell hounds (Lair:6)
  39 orc warriors
  A meliai simulacrum (D:15)
  13 swamp drakes
  6 black bears
  4 sky beasts
  2 ice beasts
  10 ogres
  6 boggarts
  24 wolves
  11 centaurs
  A tengu (shapeshifter) (Vaults:3)
  A small abomination (Abyss:2)
  A human zombie (Vaults:4)
  Blork the orc (D:5)
  2 big kobolds
  2 elf zombies (Elf:1)
  A wyvern zombie (D:15)
  21 bullfrogs
  Dowan (D:6)
  An earth elemental (Elf:2)
  A water moccasin zombie (D:9)
  2 scorpions
  A wyvern skeleton (D:11)
  11 killer bees
  20 wights
  A howler monkey (D:13)
  2 electric eels
  2 quasits (Abyss:2)
  6 hounds
  A crimson imp (Abyss:2)
  3 jellies
  A bullfrog skeleton (D:4)
  13 orc priests
  3 centaur skeletons
  26 orc wizards
  Natasha (twice) (D:2)
  5 hell rats (Lair:4)
  7 iguanas
  17 worker ants
  2 killer bee zombies
  A hound skeleton (D:5)
  A worker ant zombie (D:11)
  3 gnolls (D:3)
  15 adders
  A shadow imp (D:6)
  3 white imps
  An ufetubus (D:6)
  An ooze (D:2)
  3 adder skeletons
  3 adder zombies
  4 worms
  A dart slug (D:3)
  9 leopard geckos
  82 orcs
  16 bats
  2 giant cockroaches
  9 goblins
  A goblin (shapeshifter) (Elf:2)
  12 hobgoblins
  27 jackals
  7 quokkas
  2 ball pythons
  2 frilled lizards
  17 kobolds
  7 rats
1225 creatures vanquished.

Vanquished Creatures (collateral kills)
  Rupert (D:14)
  Agnes (D:14)
  Kirke (Lair:6)
  2 fire giants (Vaults:4)
  2 vault wardens (Vaults:1)
  Louise (D:14)
  An emperor scorpion (Spider:3)
  An ironheart preserver (Vaults:3)
  5 entropy weavers
  A deep elf annihilator (Vaults:3)
  An ettin (Orc:2)
  A fire dragon (Vaults:3)
  A yaktaur captain (Vaults:1)
  Josephine (Spider:1)
  A great orb of eyes (Vaults:1)
  A rakshasa (Abyss:2)
  2 hydras
  A ghost crab (Swamp:4)
  A boulder beetle (Lair:2)
  A catoblepas (Lair:5)
  6 alligators
  An ogre mage (Vaults:2)
  2 two-headed ogres
  A queen ant (Spider:1)
  2 dancing weapons (Elf:1)
  A deep troll shaman (Depths:1)
  An orc high priest (Orc:2)
  2 death yaks (Lair:3)
  A tengu warrior (D:13)
  A deep elf knight (Elf:1)
  Urug (Lair:6)
  4 skeletal warriors
  5 deep elf archers
  A spriggan druid (Swamp:4)
  3 swamp dragons
  A phantasmal warrior (Vaults:2)
  3 lindwurms (Lair:6)
  3 necromancers (Elf:1)
  3 ironbrand convokers
  3 orb spiders
  A harpy (Vaults:1)
  A tengu skeleton (Vaults:4)
  4 wolf spiders
  4 orc knights
  9 deep elf magi
  7 ugly things
  22 slime creatures
  5 elephants (Lair:6)
  A centaur zombie (D:13)
  2 smoke demons (Abyss:2)
  A human skeleton (Vaults:4)
  2 gargoyles
  A black mamba (Lair:6)
  6 torpor snails
  4 cane toads
  A rime drake (Lair:6)
  A freezing wraith (Vaults:4)
  2 komodo dragons (Lair:6)
  7 yaktaurs
  7 demonic crawlers
  9 jumping spiders
  4 tyrant leeches
  A troll (Orc:2)
  An ancient zyme (Abyss:2)
  2 polar bears (Lair:6)
  8 hornets
  2 bog bodies
  8 blink frogs
  3 raiju
  7 tarantellas
  25 redbacks
  A shadow (Swamp:3)
  2 wraiths (Spider:1)
  2 wyverns (Lair:6)
  6 yaks (Lair:6)
  2 spriggans
  5 hogs (Lair:6)
  4 vampire mosquitoes
  2 swamp worms
  17 soldier ants (Spider:1)
  2 wargs (Lair:6)
  4 insubstantial wisps (Swamp:2)
  2 water moccasins
  An acid dragon (Vaults:2)
  4 hell hounds (Lair:6)
  2 swamp drakes
  7 orc warriors
  6 black bears (Lair:6)
  29 wolves
  A bullfrog (Lair:2)
  An elf zombie (Elf:1)
  An earth elemental (Elf:1)
  A wyvern zombie (D:12)
  A hound (D:13)
  2 orc wizards (D:14)
  3 orc priests
  5 worker ants (Spider:1)
  An orc (Vaults:1)
  A kobold (D:12)
345 creatures vanquished.

Vanquished Creatures (others)
  A deep elf demonologist (Elf:2)
  A spriggan druid (Swamp:4)
  An ironbrand convoker (Vaults:3)
  2 deep elf magi (Elf:2)
  2 wolf spiders (Spider:4)
  A black mamba (Lair:4)
  A cane toad (Lair:2)
  2 yaktaurs (Vaults:1)
  A tyrant leech (Swamp:4)
  A jumping spider (Lair:4)
  A dream sheep (Lair:4)
  An air elemental (Elf:2)
  A spriggan (Swamp:4)
  A wyvern (Lair:4)
  A yak (Lair:4)
  A vampire mosquito (Swamp:2)
  A water moccasin (Lair:2)
  A hell hound (Lair:6)
  2 swamp drakes (Swamp:4)
  An ogre (Vaults:2)
  An orc priest (Orc:1)
  An orc wizard (Orc:2)
  98 fungi
  A lurking horror (Abyss:2)
  155 plants
  7 starspawn tentacles (Abyss:2)
  2 withered plants (D:13)
289 creatures vanquished.

Grand Total: 1859 creatures vanquished

Notes
Turn   | Place    | Note
-------+----------+-------------------------------------------
     0 | D:1      | dolemite99 the Demonspawn Fighter began the quest for the
                  | Orb.
     0 | D:1      | Reached XP level 1. HP: 18/18 MP: 1/1
   529 | D:1      | Gained mutation: You regenerate a little health from kills.
                  | [demonic ancestry]
   529 | D:1      | Reached XP level 2. HP: 13/24 MP: 2/2
   815 | D:1      | Gained mutation: You have a pair of small antennae on your
                  | head. [demonic ancestry]
   815 | D:1      | Reached XP level 3. HP: 29/29 MP: 3/3
  1439 | D:2      | Gained mutation: You are surrounded by a mild repulsion
                  | field. (EV +2) [demonic ancestry]
  1439 | D:2      | Reached XP level 4. HP: 27/35 MP: 4/4
  1804 | D:2      | Noticed Natasha
  1824 | D:2      | Killed Natasha
  2329 | D:2      | Noticed Natasha
  2455 | D:2      | Killed Natasha
  2455 | D:2      | Reached XP level 5. HP: 30/41 MP: 5/5
  2648 | D:3      | Reached skill level 5 in Short Blades
  3151 | D:3      | Found a broken altar of Ashenzari.
  3908 | D:3      | Gained mutation: You have a pair of antennae on your head.
                  | [demonic ancestry]
  3908 | D:3      | Reached XP level 6. HP: 47/47 MP: 6/6
  4165 | D:4      | Found a staircase to the Ecumenical Temple.
  4183 | Temple   | Entered the Ecumenical Temple
  4234 | Temple   | Became a worshipper of Makhleb the Destroyer
  4288 | D:4      | Noticed Sigmund
  4296 | D:4      | Killed Sigmund
  4452 | D:4      | Reached XP level 7. HP: 39/52 MP: 7/7
  4585 | D:4      | Noticed Pikel
  4600 | D:4      | Killed Pikel
  4600 | D:4      | Reached XP level 8. HP: 47/58 MP: 8/8
  4937 | D:4      | Noticed Eustachio
  4954 | D:4      | Killed Eustachio
  5245 | D:5      | Entered Level 5 of the Dungeon
  5328 | D:5      | Noticed Edmund
  5343 | D:5      | Killed Edmund
  6073 | D:5      | Noticed Blork the orc
  6095 | D:5      | Killed Blork the orc
  6541 | D:5      | Reached skill level 10 in Short Blades
  6639 | D:5      | Found Lahoa's Magic Scroll Shop.
  6647 | D:5      | Bought a scroll of teleportation for 39 gold pieces
  6648 | D:5      | Bought a scroll of identify for 26 gold pieces
  6648 | D:5      | Bought a scroll of identify for 26 gold pieces
  6648 | D:5      | Bought a scroll of identify for 26 gold pieces
  6648 | D:5      | Bought a scroll of identify for 26 gold pieces
  6956 | D:6      | Found Boemomoa's Magic Scroll Emporium.
  7109 | D:6      | Bought a scroll of fear for 49 gold pieces
  7256 | D:6      | Reached * piety under Makhleb
  7263 | D:6      | Reached XP level 9. HP: 35/63 MP: 9/9
  7867 | D:6      | Noticed Duvessa
  7868 | D:6      | Noticed Dowan
  7902 | D:6      | Killed Duvessa
  7913 | D:6      | Killed Dowan
  8031 | D:6      | Noticed Maggie
  8065 | D:6      | Killed Maggie
  9465 | D:7      | Reached ** piety under Makhleb
  9574 | D:7      | Got a warped spear
  9589 | D:7      | Identified the cursed +3 spear of Qiunil Jynof {drain,
                  | *Rage +Fly Dex+2 Stlth+} (You found it on level 7 of the
                  | Dungeon)
  9926 | D:7      | Noticed a two-headed ogre
  9944 | D:7      | Killed a two-headed ogre
  9944 | D:7      | Reached skill level 5 in Fighting
  9944 | D:7      | Gained mutation: You have a pair of large antennae on your
                  | head. (SInv) [demonic ancestry]
  9944 | D:7      | Reached XP level 10. HP: 76/76 MP: 10/10
  9960 | D:7      | Noticed Menkaure
  9970 | D:7      | Killed Menkaure
  9970 | D:7      | Reached skill level 6 in Fighting
 10539 | D:8      | Found Wunoer's Gadget Shoppe.
 10571 | D:8      | Reached skill level 1 in Evocations
 10671 | D:8      | Noticed Gastronok
 10931 | D:8      | Found Ecyhisim's Antique Armour Shop.
 11432 | D:8      | Reached *** piety under Makhleb
 11577 | D:8      | Noticed Harold
 12147 | D:9      | Found a staircase to the Orcish Mines.
 12645 | D:9      | Got a pitted cloak
 12652 | D:9      | Identified the +2 cloak of the Mackerel {rCorr} (You found
                  | it on level 9 of the Dungeon)
 12742 | D:8      | Noticed a two-headed ogre
 12749 | D:8      | Killed a two-headed ogre
 12749 | D:8      | Reached skill level 5 in Armour
 12919 | D:8      | Killed Harold
 13757 | D:10     | Entered Level 10 of the Dungeon
 13761 | D:10     | Found an iron altar of Okawaru.
 13971 | D:10     | Reached XP level 11. HP: 83/83 MP: 11/11
 14016 | D:10     | Found a staircase to the Lair.
 14130 | D:10     | Noticed a two-headed ogre
 14159 | D:10     | Killed a two-headed ogre
 14159 | D:10     | Reached skill level 5 in Shields
 14636 | Lair:1   | Entered Level 1 of the Lair of Beasts
 14692 | Lair:1   | Noticed a six-headed hydra
 14703 | Lair:1   | Killed a six-headed hydra
 14817 | Lair:1   | Reached skill level 5 in Invocations
 15583 | Lair:1   | Reached skill level 1 in Crossbows
 15650 | Lair:1   | Noticed Joseph
 15672 | Lair:1   | Killed Joseph
 16695 | Lair:2   | Noticed a seven-headed hydra
 16713 | Lair:1   | Reached skill level 5 in Evocations
 17176 | Lair:1   | Reached skill level 1 in Long Blades
 17770 | Lair:2   | Gained mutation: You are surrounded by a moderate repulsion
                  | field. (EV +3) [demonic ancestry]
 17770 | Lair:2   | Reached XP level 12. HP: 89/89 MP: 17/17
 17774 | Lair:2   | Reached **** piety under Makhleb
 18002 | Lair:2   | Reached skill level 1 in Bows
 18068 | Lair:2   | Noticed a boulder beetle
 18971 | Lair:2   | Found a staircase to the Swamp.
 19091 | Lair:2   | Killed a boulder beetle
 19752 | Lair:2   | Killed a seven-headed hydra
 20191 | D:8      | Bought a condenser vane (2/2) for 280 gold pieces
 20322 | Lair:3   | Got a twitching copper ring
 20537 | Lair:3   | Noticed a death yak
 20538 | Lair:3   | Noticed a death yak
 20554 | Lair:3   | Killed a death yak
 20554 | Lair:3   | Killed a death yak
 20554 | Lair:3   | Reached skill level 7 in Fighting
 22797 | Lair:4   | Found a hole to the Spider Nest.
 22880 | Lair:4   | Reached skill level 8 in Fighting
 22967 | Lair:4   | Noticed a four-headed hydra
 23015 | Lair:4   | Killed a five-headed hydra
 23307 | Lair:4   | Reached skill level 9 in Fighting
 23599 | Lair:4   | Identified the ring "Imoleg" {Ice +Fly rN+ Int+3 Dex+3}
                  | (You found it on level 3 of the Lair of Beasts)
 23615 | Lair:4   | Noticed Sonja
 23620 | Lair:4   | Killed Sonja
 23649 | Lair:4   | Reached skill level 1 in Dodging
 24070 | Lair:5   | Noticed a catoblepas
 24240 | Lair:5   | Killed a catoblepas
 24574 | Lair:5   | Noticed a four-headed hydra
 25624 | Lair:5   | Found a staircase to the Slime Pits.
 25661 | Lair:5   | Gained mutation: You are surrounded by a strong repulsion
                  | field. (EV +4, RMsl) [demonic ancestry]
 25661 | Lair:5   | Reached XP level 13. HP: 101/101 MP: 19/19
 25844 | Lair:5   | Reached skill level 5 in Crossbows
 26600 | D:8      | Killed Gastronok
 26609 | D:8      | Bought a runed cloak for 172 gold pieces
 26674 | D:8      | Bought a wand of iceblast (9) for 182 gold pieces
 26787 | D:11     | Found a runed translucent door.
 26815 | D:11     | Noticed Snorg
 26825 | D:11     | Killed Snorg
 27501 | D:11     | Noticed Nergalle
 28048 | D:11     | Found a runed translucent door.
 28103 | D:11     | Found Naitwov's Antique Armour Shoppe.
 28282 | D:11     | Found the +10 tower shield of Ignorance {rN+ Int-4}
 28437 | D:11     | Killed Nergalle
 30899 | D:12     | Paralysed by a hornet for 2 turns
 31731 | Orc:1    | Entered Level 1 of the Orcish Mines
 31731 | Orc:1    | Found Yhi Larai's Assorted Antiques.
 32093 | Orc:2    | Entered Level 2 of the Orcish Mines
 32093 | Orc:2    | Noticed an ettin
 32207 | Lair:6   | Entered Level 6 of the Lair of Beasts
 32207 | Lair:6   | Found a gate leading to a gauntlet.
 32227 | Lair:6   | Reached skill level 10 in Fighting
 32312 | Lair:6   | Noticed Urug
 32332 | Lair:6   | Killed Urug
 32382 | Lair:6   | Reached skill level 11 in Fighting
 32442 | Lair:6   | Reached XP level 14. HP: 113/113 MP: 20/20
 32786 | Lair:6   | Noticed Kirke
 32802 | Lair:6   | Killed Kirke
 34695 | Lair:6   | Reached skill level 5 in Long Blades
 34903 | Lair:6   | Found a runed translucent door.
 35197 | Lair:6   | Identified a scroll of acquirement
 35197 | Lair:6   | Acquired a manual of Fighting
 35273 | Lair:6   | Reached skill level 12 in Fighting
 35917 | Orc:1    | Reached skill level 13 in Fighting
 37139 | Orc:2    | Noticed an orc warlord
 37170 | Orc:2    | Reached skill level 14 in Fighting
 37185 | Orc:2    | Killed an orc warlord
 37627 | Orc:2    | Paralysed by an orc sorcerer for 3 turns
 37860 | Orc:2    | Noticed Maurice
 37872 | Orc:2    | Killed Maurice
 38033 | Orc:2    | Found a roughly hewn altar of Beogh.
 38158 | Orc:2    | Reached ***** piety under Makhleb
 38226 | Orc:2    | Reached skill level 15 in Fighting
 38290 | Orc:2    | Found Zakkexa's General Store.
 38297 | Orc:2    | Found Oruilui's Jewellery Emporium.
 38410 | Orc:2    | Found Odonel's Antique Weapon Emporium.
 38615 | Orc:2    | Found a staircase to the Elven Halls.
 38668 | Orc:2    | Found Ruzaloff's Book Boutique.
 38849 | Orc:2    | Found Wofrapus's Antique Armour Emporium.
 38923 | Orc:2    | Bought a potion of heal wounds for 75 gold pieces
 38923 | Orc:2    | Bought a scroll of teleportation for 45 gold pieces
 38999 | D:11     | Bought a pair of ancient gloves for 228 gold pieces
 39009 | D:11     | Identified the cursed +0 pair of gloves of the Game of Life
                  | {*Contam Dex+7 Stlth+} (You bought it in a shop on level 11
                  | of the Dungeon)
 39104 | D:8      | Bought a box of beasts (3/3) for 280 gold pieces
 39205 | D:13     | Found Neaqutz's Gadget Boutique.
 39348 | D:13     | Reached XP level 15. HP: 128/129 MP: 21/21
 39440 | D:13     | Found Lank's Armour Emporium.
 39576 | D:13     | Found Liustr Muluotz's Gadget Shop.
 39585 | D:13     | Found a runed translucent door.
 39586 | D:13     | Noticed Dirphi Vium's ghost (journeyman MiBe)
 39598 | D:13     | Found Vojel's Antique Armour Shoppe.
 39606 | D:13     | Bought a glowing cloak for 300 gold pieces
 39731 | D:13     | Bought a wand of iceblast (7) for 154 gold pieces
 39830 | D:13     | Found Lacyel Qirgh's Antique Weapon Shoppe.
 39840 | D:13     | Bought a wand of iceblast (14) for 342 gold pieces
 39983 | D:14     | Noticed Agnes
 39996 | D:14     | Killed Agnes
 40376 | D:14     | Found a gate to the Vaults.
 40428 | D:14     | Noticed Louise
 40428 | D:14     | Cast into level 2 of the Abyss (Louise)
 40487 | Abyss:2  | Noticed a tentacled monstrosity
 40504 | Abyss:2  | Noticed a tentacled starspawn
 40505 | Abyss:2  | Killed a tentacled monstrosity
 40505 | Abyss:2  | Noticed a tentacled starspawn
 40519 | Abyss:2  | Found a corrupted altar of Lugonu.
 40584 | Abyss:2  | Noticed a tentacled starspawn
 40613 | Abyss:2  | Killed a tentacled starspawn
 40955 | D:14     | Escaped the Abyss
 40969 | D:14     | Killed Louise
 41363 | D:14     | Reached skill level 10 in Evocations
 41542 | D:14     | Noticed Rupert
 41552 | D:14     | Paralysed by Rupert for 4 turns
 41556 | D:14     | Killed Rupert
 41973 | D:15     | Entered Level 15 of the Dungeon
 42341 | D:15     | Found a shimmering altar of Xom.
 43005 | D:15     | Reached skill level 16 in Fighting
 43135 | D:15     | Found a staircase to the Depths.
 43349 | Orc:1    | Bought a runed gilded ring for 155 gold pieces
 43373 | Orc:1    | Learned a level 4 spell: Olgreb's Toxic Radiance
 43377 | Orc:1    | Learned a level 3 spell: Mephitic Cloud
 43382 | Orc:1    | Learned a level 4 spell: Summon Lightning Spire
 43386 | Orc:1    | Learned a level 3 spell: Inner Flame
 43535 | D:6      | Bought a scroll of enchant weapon for 105 gold pieces
 43535 | D:6      | Bought a scroll of fog for 28 gold pieces
 43727 | Swamp:1  | Entered Level 1 of the Swamp
 44116 | Swamp:1  | Reached skill level 1 in Spellcasting
 44954 | Swamp:2  | Learned a level 2 spell: Poisonous Vapours
 44956 | Swamp:2  | Learned a level 1 spell: Apportation
 44965 | Swamp:2  | Reached skill level 1 in Translocations
 45595 | Swamp:2  | Found a runed translucent door.
 45595 | Swamp:2  | Found a shimmering altar of Xom.
 45595 | Swamp:2  | Noticed Keoguots's ghost (adept GnSk)
 45595 | Swamp:2  | Identified the +6 broad axe "Ylalysoss" {chaos, +Fly rElec
                  | SInv}
 45785 | Swamp:2  | Learned a level 2 spell: Swiftness
 46145 | Depths:1 | Entered Level 1 of the Depths
 46600 | Swamp:3  | Gained mutation: You regenerate health from kills. [demonic
                  | ancestry]
 46600 | Swamp:3  | Reached XP level 16. HP: 134/138 MP: 22/22
 46659 | Swamp:3  | Got a glittering glass ring
 46661 | Swamp:3  | Identified the ring "Uliu" {rPois rC+ Stlth+} (You found it
                  | on level 3 of the Swamp)
 46673 | Swamp:3  | Learned a level 2 spell: Passwall
 46677 | Swamp:3  | Learned a level 3 spell: Conjure Flame
 46695 | Swamp:3  | Reached skill level 5 in Translocations
 47311 | Spider:1 | Entered Level 1 of the Spider Nest
 47554 | Spider:1 | Reached skill level 1 in Throwing
 47861 | Spider:1 | Noticed Josephine
 47872 | Spider:1 | Killed Josephine
 48163 | Spider:1 | Found a runed translucent gate.
 48163 | Spider:1 | Found a runed translucent gate.
 48163 | Spider:1 | Found a runed translucent gate.
 48164 | Spider:1 | Noticed Aviun's ghost (adept SpEn)
 48235 | Spider:1 | Reached skill level 5 in Throwing
 48963 | Spider:2 | Reached skill level 1 in Stealth
 49283 | Spider:2 | Identified the Catalogue of the Magpie
 49563 | Spider:2 | Got a glimmering falchion
 49576 | Spider:2 | Identified the +6 falchion "Mifruteb" {freeze, *Slow Str+8}
                  | (You found it on level 2 of the Spider Nest)
 50548 | Spider:3 | Reached skill level 5 in Stealth
 51107 | Slime:1  | Entered Level 1 of the Pits of Slime
 52311 | Spider:3 | Identified the cursed +3 great sword of Drought {freeze,
                  | *Contam Str+9 Dex+6} (You found it on level 3 of the Spider
                  | Nest)
 52487 | Spider:4 | Entered Level 4 of the Spider Nest
 52889 | Spider:4 | Noticed Arachne
 52933 | Spider:4 | Killed Arachne
 52960 | Spider:4 | Gained mutation: You sometimes gain a little power by
                  | taking damage. [demonic ancestry]
 52960 | Spider:4 | Reached XP level 17. HP: 144/144 MP: 23/23
 53116 | Spider:4 | Reached skill level 10 in Long Blades
 54851 | Spider:4 | Got a gossamer rune of Zot
 55366 | D:6      | Bought a scroll of teleportation for 42 gold pieces
 55466 | D:5      | Bought a scroll of enchant weapon for 97 gold pieces
 55467 | D:5      | Bought a scroll of teleportation for 39 gold pieces
 55773 | Vaults:1 | Entered Level 1 of the Vaults
 57192 | Vaults:1 | Found an iron altar of Okawaru.
 58695 | Swamp:4  | Entered Level 4 of the Swamp
 58807 | Swamp:4  | Reached skill level 10 in Invocations
 58891 | Swamp:3  | Gained mutation: You sometimes gain power by taking damage.
                  | [demonic ancestry]
 58891 | Swamp:3  | Reached XP level 18. HP: 110/151 MP: 23/25
 59499 | Swamp:4  | Got a decaying rune of Zot
 60004 | D:8      | Bought a lightning rod (4/4) for 560 gold pieces
 60359 | Vaults:2 | Reached skill level 10 in Shields
 60531 | Vaults:2 | Noticed a bone dragon
 60601 | Vaults:2 | Killed a bone dragon
 60845 | Vaults:2 | Found a staircase to the Crypt.
 62219 | Vaults:2 | Found a huge runed gate.
 62219 | Vaults:2 | Found a huge runed gate.
 62219 | Vaults:2 | Found a huge runed gate.
 62221 | Vaults:2 | Found a huge runed gate.
 62222 | Vaults:2 | Found a huge runed gate.
 62223 | Vaults:2 | Found a huge runed gate.
 62223 | Vaults:2 | Found a huge runed gate.
 62224 | Vaults:2 | Found a huge runed gate.
 62224 | Vaults:2 | Found a huge runed gate.
 62224 | Vaults:2 | Found a huge runed gate.
 62230 | Vaults:2 | Found a huge runed gate.
 62230 | Vaults:2 | Found a huge runed gate.
 62230 | Vaults:2 | Found a huge runed gate.
 62230 | Vaults:2 | Found a huge runed gate.
 62230 | Vaults:2 | Found a huge runed gate.
 62230 | Vaults:2 | Found a huge runed gate.
 62230 | Vaults:2 | Found a huge runed gate.
 62231 | Vaults:2 | Found a huge runed gate.
 62232 | Vaults:2 | Found a huge runed gate.
 62240 | Vaults:2 | Found a huge runed gate.
 62240 | Vaults:2 | Found a huge runed gate.
 62240 | Vaults:2 | Found a huge runed gate.
 62240 | Vaults:2 | Found a huge runed gate.
 62240 | Vaults:2 | Found a huge runed gate.
 62240 | Vaults:2 | Found a huge runed gate.
 62240 | Vaults:2 | Found a huge runed gate.
 62241 | Vaults:2 | Found a huge runed gate.
 62242 | Vaults:2 | Found a huge runed gate.
 62250 | Vaults:2 | Found a huge runed gate.
 62250 | Vaults:2 | Found a huge runed gate.
 62250 | Vaults:2 | Found a huge runed gate.
 62250 | Vaults:2 | Found a huge runed gate.
 62250 | Vaults:2 | Found a huge runed gate.
 62250 | Vaults:2 | Found a huge runed gate.
 62250 | Vaults:2 | Found a huge runed gate.
 62251 | Vaults:2 | Found a huge runed gate.
 62536 | Vaults:2 | Found Fyt Esuu's Weapon Shop.
 63155 | Vaults:3 | Reached skill level 10 in Armour
 63466 | Vaults:3 | Noticed Asterion
 63478 | Vaults:3 | Killed Asterion
 64160 | Vaults:3 | Reached XP level 19. HP: 157/157 MP: 27/27
 68977 | Elf:1    | Entered Level 1 of the Elven Halls
 69723 | Elf:1    | Identified the Volume of Unholy Arts
 70523 | Elf:2    | Identified the +2 hand axe "Sastrusabo" {holy, *Rage rPois
                  | Int+3}
 70588 | Elf:2    | Found Saifa's One-of-a-Kind Books.
 71041 | Elf:2    | Reached skill level 15 in Armour
 71041 | Elf:2    | Reached XP level 20. HP: 164/164 MP: 28/28
 72099 | Elf:2    | Found a runed translucent gate.
 72099 | Elf:2    | Found a runed translucent gate.
 72099 | Elf:2    | Found a runed translucent gate.
 72229 | Orc:2    | Bought an uncursed ring of fire for 275 gold pieces
 73868 | Depths:1 | HP: 6/164 [deep troll (7)]
 73870 | Depths:1 | Slain by a deep troll

Illustrated notes

Levels and vault maps discovered:
D:1:      elethiomel_arrival_quiet, layout_loops_ring
D:2:      wad_river_or_something, layout_rooms, kennysheep_potato, uniq_natasha
D:3:      layout_basic, evilmike_ruin_ashenzari, chequers_serial_rivers_small_3
D:4:      minmay_door_path, layout_cave_pods, minmay_temple_entry_water_ring,
          small_statue_intersection, uniq_sigmund, uniq_eustachio, uniq_pikel
D:5:      layout_layer_cave, serial_shops, shop, uniq_blork_the_orc, uniq_edmund
D:6:      layout_basic, serial_shops, nicolae_shop_statue_plus,
          kennysheep_generic_room_11, uniq_duvessa, uniq_maggie
D:7:      layout_basic, uniq_menkaure
D:8:      layout_basic, serial_shops,
          nicolae_shop_temple_entry_statues_fountains, shop, uniq_gastronok,
          uniq_harold
D:9:      layout_rooms, orc_0_dummy, serial_curves, eino_curves_03,
          eino_curves_04, minivault_5
D:10:     layout_roguey, due_lair_maze_entry_diamond, okawaru_trees_2
D:11:     layout_loops_ring, serial_shops, nicolae_shop_behind_doors,
          chequers_guarded_unrand_ignorance, uniq_nergalle, uniq_snorg
D:12:     layout_small_grid, minivault_10, minmay_lizard_king
D:13:     layout_rooms, gammafunk_ghost_grave, serial_shops,
          nicolae_shop_statue_plus, shop, nicolae_shop_statue_plus, shop,
          nicolae_shop_window_shopping
D:14:     layout_grid_maze, david_vaults_5, patterned_corridor, uniq_agnes,
          uniq_rupert, uniq_louise
D:15:     grunt_enter_depths_magical_seal, layout_small_grid,
          hangedman_abyss_or_decor_slice, brannock_xom_greatest_gift
Temple:   compressed_dpeg_triangle_lava_temple
Lair:1:   layout_small_grid, portal_ice_cave_rime, uniq_joseph
Lair:2:   layout_regular_city, swamp_mist, grunt_forest_large_clearings,
          grunt_megastairs_3
Lair:3:   layout_long_grid
Lair:4:   layout_roguey, spider_nest_entry_a, hangedman_lair_generics_rect,
          lemuel_fruit_tree, uniq_sonja
Lair:5:   layout_roguey, minmay_slime_entry_pillars
Lair:6:   wormcave, layout_layer_cave, hangedman_lair_caniforms_friends,
          gauntlet_entry_generic, serial_bayou_pond_c,
          grunt_forest_large_clearing_hut, serial_bayou_shore_b, uniq_kirke,
          uniq_urug
Swamp:1:  layout_basic_swamp, evilmike_swamp_ruin_wall, swamp_pool4,
          hangedman_swamp_lotus
Swamp:2:  layout_basic_swamp, ebering_ghost_xom, hangedman_swamp_ruin_hall
Swamp:3:  layout_falls_marsh, nicolae_swamp_stair_fork, swamp_pool3
Swamp:4:  swamp, layout_basic_swamp, swamp_pool5
Spider:1: layout_spider_delve, ebering_ghost_rock_garden, drop_trap,
          zaba_antful_of_joy, uniq_josephine
Spider:2: layout_spider_delve, worms_lemuel
Spider:3: layout_spider_delve
Spider:4: johnstein_spider_rune_arachne_lair
Slime:1:  layout_caves, cheibrodos_slime_lost_civilization_7
Orc:1:    layout_caves, serial_shops, shop, minmay_orc_keep
Orc:2:    grunt_orc_cross, layout_caves, serial_shops, nicolae_shop_crystal,
          uniq_maurice
Elf:1:    minmay_elf_arrival_summoners, layout_loops_cross,
          minmay_elf_necromancy
Elf:2:    layout_rooms, nicolae_rare_books, roderic_roman_lattice,
          mumra_transporter_accident, minivault_23, lemuel_elevator,
          uniq_jorgrun
Vaults:1: v_misc_22, grunt_vaults_hallway_short, vaults_room_door_ring,
          nicolae_vaults_yaktaur_gun_rack, nicolae_vaults_little_squares_3,
          nicolae_vaults_little_squares_6, vaults_dpeg_encased_lava,
          vaults_mumra_minichess, nicolae_vaults_border_crossing,
          layout_vaults_omnigrid, basic_altar
Vaults:2: v_misc_29, minmay_crypt_entry_nasty_monster, ontoclasm_vaults_fault,
          v_misc_14, nicolae_vaults_network_quinsquares
          [nicolae_vaults_network_quincunx_subvault,
          nicolae_vaults_network_quincunx_subvault,
          nicolae_vaults_network_quincunx_subvault,
          nicolae_vaults_network_quincunx_subvault], v_rooms_4,
          vaults_room_ringed_pool, vaults_room_octagon, ontoclasm_vaults_chip,
          vaults_room_octagon, v_misc_16, nicolae_vaults_specimen_jars,
          hangedman_vaults_slice, hangedman_vaults_nails,
          vaults_not_door_vault_mu, vaults_room_mumra_shop_pool,
          layout_vaults_omnibox
Vaults:3: v_rooms_5, v_misc_13, nicolae_vaults_mini_display_case, v_misc_17,
          nicolae_vaults_little_squares_1, grunt_vaults_twisty,
          hangedman_vaults_nails, layout_vaults_big_room, uniq_asterion
Vaults:4: ontoclasm_vaults_ring_large, v_rooms_1, vaults_mumra_hexcomb,
          vaults_mumra_minichess_inversion, nicolae_vaults_inception_statues,
          hangedman_vaults_capsules, v_pattern_5, grunt_vaults_funnel,
          st_more_cells, vaults_room_stairs_pillars, v_misc_22,
          layout_vaults_omnicross
Depths:1: layout_gridlike, hell_entry, moated_statue, kb_rosetta,
          minmay_shoptagon, kennysheep_random_hallway, uniq_mara

Skill      XL: |  1  2  3  4  5  6  7  8  9 10 11 12 13 14 15 16 17 18 19 |
---------------+----------------------------------------------------------+-----
Short Blades   | 2 3 4 5 7 8 10 12 | 12.2
Fighting       | 5 6 9 11 15 16 | 16.1
Evocations     | 3 5 6 10 12 | 12.0
Armour         | 6 8 10 15 | 15.5
Shields        | 3 5 7 8 10 | 10.3
Invocations    | 6 8 10 | 10.6
Crossbows      | 4 9 |  9.5
Long Blades    | 4 5 9 12 13 | 13.4
Bows           | 4 |  4.0
Dodging        | 3 |  3.5
Spellcasting   | 2 3 |  3.9
Translocations | 4 5 |  5.0
Throwing       | 6 |  6.0
Stealth        | 5 |  5.0
Poison Magic   | |  0.3

Action                   |  1- 3 |  4- 6 |  7- 9 | 10-12 | 13-15 | 16-18 | 19-21 || total
-------------------------+-------+-------+-------+-------+-------+-------+-------++-------
Melee: Rapier            |   171 |    43 |   100 |   411 |       |   329 |       ||  1054
       Short sword       |       |   126 |   286 |   156 |       |       |       ||   568
       Long sword        |       |       |       |   225 |    80 |       |       ||   305
       Scimitar          |       |       |       |       |   793 |   529 |   285 ||  1607
       Quick blade       |       |       |       |       |    13 |   186 |       ||   199
       Hand crossbow     |       |       |       |       |     6 |       |       ||     6
 Fire: Hunting sling     |       |    15 |    19 |       |       |       |       ||    34
       Hand crossbow     |       |       |       |   164 |   808 |   449 |   545 ||  1966
       Longbow           |       |       |       |    65 |       |       |       ||    65
Throw: Stone             |    54 |    35 |     5 |    20 |    60 |       |       ||   174
       Dart              |       |       |    87 |   133 |    58 |   520 |    35 ||   833
       Throwing net      |       |       |       |       |     1 |       |       ||     1
 Cast: Apportation       |       |       |       |       |       |     1 |       ||     1
Invok: Minor Destruction |       |       |       |    44 |     9 |     9 |       ||    62
       Lesser Servant of |       |       |       |    17 |   100 |   111 |    39 ||   267
       Major Destruction |       |       |       |       |     6 |     9 |     4 ||    19
 Abil: Evoke Invisibilit |       |       |       |       |       |    22 |     1 ||    23
Evoke: Wand              |       |       |       |    33 |    46 |    90 |     9 ||   178
       Tin of tremorston |       |       |       |     6 |    14 |    25 |    15 ||    60
       Condenser vane    |       |       |       |     3 |     9 |    17 |     9 ||    38
       Box of beasts     |       |       |       |       |     8 |    20 |    11 ||    39
       Lightning rod     |       |       |       |       |       |    15 |    20 ||    35
  Use: Scroll            |       |     1 |    12 |    21 |    31 |    26 |     5 ||    96
       Potion            |       |     1 |     4 |     6 |    10 |    10 |     1 ||    32
 Stab: Distracted        |       |       |       |     2 |     9 |    12 |     7 ||    30
       Paralysed         |       |       |       |     3 |       |     1 |       ||     4
       Invisible         |       |       |       |       |       |    72 |     2 ||    74
       Sleeping          |       |       |       |       |       |     1 |       ||     1
Armor: Scale mail        |   118 |    62 |   108 |       |       |       |       ||   288
       Chain mail        |       |       |     2 |    85 |    12 |   664 |   103 ||   866
       Plate armour      |       |       |       |   447 |   845 |   345 |   147 ||  1784
Dodge: Dodged            |    59 |    65 |    89 |   531 |   558 |   901 |   230 ||  2433
       Repelled          |       |       |       |       |    10 |     3 |    17 ||    30
Block: Kite shield       |   116 |    68 |   120 |   301 |   793 |  1056 |   338 ||  2792
       Rpst.: Long sword |       |       |       |    63 |    10 |       |       ||    73
       Scimitar          |       |       |       |       |    91 |    74 |    19 ||   184

Table legend: (Time is in decaauts)
 A = Elapsed time spent in this place.
 B = Non-inter-level travel time spent in this place.
 C = Inter-level travel time spent in this place.
 D = Time resting spent in this place.
 E = Time spent auto-exploring this place.
 F = Levels seen in this place.
 G = Mean time per level.
                   A        B        C        D        E       F      G
               +--------+--------+--------+--------+--------+-----+--------+
         Total |  73770 |  67488 |   6282 |  24081 |  26715 |  41 | 1799.3 |
       Dungeon |  26078 |  22399 |   3679 |   7415 |   9947 |  15 | 1738.5 |
        Temple |     60 |     52 |      8 |      0 |      0 |   1 |   60.0 |
          Lair |  15811 |  14516 |   1295 |   7038 |   4617 |   6 | 2635.2 |
         Swamp |   5179 |   4766 |    413 |   1077 |   2424 |   4 | 1294.8 |
   Spider Nest |   7087 |   6901 |    186 |   1861 |   2641 |   4 | 1771.8 |
    Slime Pits |      1 |      1 |      0 |      0 |      0 |   1 |    1.0 |
  Orcish Mines |   3832 |   3621 |    211 |   1407 |   1159 |   2 | 1916.0 |
   Elven Halls |   3184 |   3086 |     98 |   1221 |    989 |   2 | 1592.0 |
        Vaults |  10801 |  10413 |    388 |   2996 |   4804 |   4 | 2700.2 |
        Depths |   1199 |   1199 |      0 |    901 |    131 |   1 | 1199.0 |
         Abyss |    533 |    533 |      0 |    162 |      0 |   1 |  533.0 |
               +--------+--------+--------+--------+--------+-----+--------+

Top non-repeatable levels by time:
Vaults:4: 3464 daAuts
  Lair:6: 3405 daAuts
  Lair:1: 3382 daAuts
Vaults:2: 3158 daAuts
    D:11: 2884 daAuts
   Orc:2: 2797 daAuts
  Lair:5: 2686 daAuts
  Lair:4: 2638 daAuts
     D:6: 2565 daAuts
    D:12: 2557 daAuts
     D:8: 2545 daAuts
Vaults:1: 2385 daAuts
Spider:4: 2295 daAuts
  Lair:2: 2239 daAuts
   Elf:2: 1851 daAuts
